BOSTON Bruins vs COLORADO Avalanche

Created - 6 mars 2024 at 11:01

Goals
1 2 3 T
BOSTON Bruins 2 1 2 5
COLORADO Avalanche 1 0 0 1
Shots
1 2 3 T
BOSTON Bruins 11 16 13 40
COLORADO Avalanche 7 5 5 17

1st period

1. COLORADO Avalanche , Oliver Ekman-Larsson 5 (Jason Zucker 16, Alex Iafallo 18) at 0:44
2. BOSTON Bruins , Tomas Hertl 14 (Joel Eriksson Ek 22, Frank Vatrano 17) at 2:27 (PP)
3. BOSTON Bruins , Phil Kessel 2 (Victor Hedman 27, Adam Lowry 3) at 15:46

Penalties :
Zach Bogosian (COL) for Roughing (Minor) at 1:05, Jason Zucker (COL) for Slashing (Minor) at 2:48, Zach Aston-Reese (COL) for Hooking (Minor) at 7:41, Joel Eriksson Ek (BOS) for High sticking (Minor) at 9:00

2nd period

4. BOSTON Bruins , Kirill Kaprizov 15 (Tomas Hertl 15) at 8:17 (PP)

Penalties :
Matt Dumba (BOS) for Delaying the game (Minor) at 2:14, Jason Zucker (COL) for Tripping (Minor) at 5:42, Michael Pezzetta (BOS) for Cross-checking (Minor) at 5:42, Nick Foligno (COL) for Holding (Minor) at 8:15, David Pastrnak (COL) for Holding (Minor) at 8:53

3rd period

5. BOSTON Bruins , Blake Wheeler 6 (Tomas Hertl 16, Nathan Walker 5) at 12:37
6. BOSTON Bruins , Bo Horvat 19 (Brad Marchand 23, Adrian Kempe 19) at 19:23

Penalties :
Tyson Barrie (COL) for Holding (Minor) at 14:57

Goalie Stats

Tristan Jarry (BOS), 16 saves from 17 shots - (0,941), W, 20-17-2, 60:00 minutes
Jonathan Quick (COL), 35 saves from 40 shots - (0,875), L, 18-20-2, 60:00 minutes

Players Stats for BOSTON Bruins

Player Name              G  A  P  +/- PIM S  H  SB GA TA FO     MP     PP MP  PK MP  
------------------------------------------------------------------------------------
Adam Lowry               0  1  1   1  0   2  0  0  0  0  10/13   9:24   0:00   2:11 
Adrian Kempe             0  1  1   1  0   5  1  0  0  0  1/4    20:35   5:15   0:00 
Andrew Peeke             0  0  0   0  0   2  4  0  0  0  0/0    19:42   0:00   1:37 
Blake Wheeler            1  0  1   1  0   2  0  0  0  0  0/0     9:59   0:00   0:00 
Bo Horvat                1  0  1   1  0   6  1  0  0  0  14/28  21:42   5:15   0:00 
Brad Hunt                0  0  0   1  0   0  1  1  0  0  0/0    11:39   0:00   0:00 
Brad Marchand            0  1  1   1  0   2  5  1  0  0  0/0    22:15   5:15   1:52 
Frank Vatrano            0  1  1  -1  0   1  2  0  0  0  0/2    17:02   3:25   0:00 
Jaycob Megna             0  0  0   1  0   0  3  0  0  0  0/0    13:27   0:00   1:07 
Joel Eriksson Ek         0  1  1  -1  2   2  1  0  0  0  8/12   17:57   3:24   0:12 
Kirill Kaprizov          1  0  1  -1  0   4  1  0  0  0  0/1    19:48   5:30   0:00 
Matt Dumba               0  0  0   0  2   1  2  0  0  0  0/0    22:20   3:10   0:25 
Michael Pezzetta         0  0  0   1  2   0  1  0  0  0  0/0     7:12   0:00   0:00 
Nathan Walker            0  1  1   1  0   1  1  0  0  0  0/0    11:25   0:00   1:26 
Phil Kessel              1  0  1   1  0   1  0  0  0  0  0/0     7:13   0:00   0:00 
Shea Theodore            0  0  0   1  0   3  1  0  0  0  0/0    22:52   3:10   2:05 
Tomas Hertl              1  2  3   1  0   4  1  1  0  0  11/22  14:59   3:25   0:55 
Victor Hedman            0  1  1   1  0   4  5  4  0  0  0/0    24:29   5:30   1:22 

Players Stats for COLORADO Avalanche

Player Name              G  A  P  +/- PIM S  H  SB GA TA FO     MP     PP MP  PK MP  
------------------------------------------------------------------------------------
Alex Iafallo             0  1  1   0  0   2  0  0  0  0  2/2    18:46   2:15   1:19 
Craig Smith              0  0  0  -1  0   1  0  1  0  0  2/5     4:59   0:00   0:00 
David Pastrnak           0  0  0  -1  2   3  2  0  0  0  1/1    17:27   1:46   0:00 
Jake DeBrusk             0  0  0  -1  0   1  1  0  0  0  0/0    24:42   1:03   5:51 
Jason Zucker             0  1  1   0  4   2  3  0  0  0  1/3    17:26   0:39   1:30 
Jeff Skinner             0  0  0  -1  0   4  1  0  0  0  20/35  24:55   1:56   5:51 
Jordan Eberle            0  0  0   0  0   1  0  0  0  0  0/0    10:03   0:00   0:00 
Jordie Benn              0  0  0  -3  0   0  1  1  0  0  0/0    13:57   0:00   0:27 
Kris Russell             0  0  0  -3  0   0  0  0  0  0  0/0    15:03   0:00   1:33 
Mark Pysyk               0  0  0   0  0   0  1  1  0  0  0/0    21:47   1:39   3:34 
Nick Foligno             0  0  0  -1  2   1  3  0  0  0  2/11   15:01   0:00   0:00 
Oliver Ekman-Larsson     1  0  1   1  0   1  1  2  0  0  0/0    24:56   1:39   5:19 
Tomas Nosek              0  0  0   0  0   0  0  0  0  0  1/1    11:13   0:43   0:27 
Trevor Zegras            0  0  0   0  0   1  4  0  0  0  9/24   19:06   1:32   2:22 
Tyler Johnson            0  0  0   0  0   0  0  0  0  0  0/0     0:00   0:00   0:00 
Tyson Barrie             0  0  0   1  2   0  0  0  0  0  0/0    23:23   1:39   3:47 
Zach Aston-Reese         0  0  0  -1  2   0  0  0  0  0  0/0     4:58   0:00   0:00 
Zach Bogosian            0  0  0   0  2   0  4  1  0  0  0/0    20:52   1:39   2:40 

3 Stars

1 - Tomas Hertl (BOS)
2 - Victor Hedman (BOS)
3 - Brad Marchand (BOS)

Power Play

BOSTON Bruins - 2 on 6 Attempt(s) - 33,33%
COLORADO Avalanche - 0 on 2 Attempt(s) - 0,00%

Penalty Kill

BOSTON Bruins - 2 on 2 Attempt(s) - 100,00% - Score 0 goal in Penalty Kill
COLORADO Avalanche - 4 on 6 Attempt(s) - 66,67% - Score 0 goal in Penalty Kill

Team Stat

BOSTON Bruins - Hits : 30 - Faceoff Wins : 44 - Blocked Shots : 7 - Penalty Minutes : 6
COLORADO Avalanche - Hits : 21 - Faceoff Wins : 38 - Blocked Shots : 6 - Penalty Minutes : 14

Official

Referees : Francis Charron and Chris Lee
Linesman : Kirsten Welsh and Erica Holmes

Game Notes

No Game Note

Finance

Level 1 -- Attendance: 4752 (79,20%) -- Ticket Income $475,200
Level 2 -- Attendance: 4233 (84,66%) -- Ticket Income $253,980
Level 3 -- Attendance: 2000 (100,00%) -- Ticket Income $70,000
Level 4 -- Attendance: 3075 (76,88%) -- Ticket Income $76,875
Luxury Box -- Attendance: 753 (75,30%) -- Ticket Income $150,600
Game was played at the Pepsi Center.
Total Attendance: 14813 (82,29%)
Total Ticket Income: $1,026,655
Other Income: $256,664
Total Income: $1,283,319

BOSTON Bruins

5 vs 5 Forward 
   Center                   Left Wing                Right Wing               Time % Phy DF OF 
 1 Bo Horvat                Brad Marchand            Adrian Kempe             38     1   2  2  
 2 Joel Eriksson Ek         Kirill Kaprizov          Frank Vatrano            34     1   2  2  
 3 Tomas Hertl              Nathan Walker            Blake Wheeler            20     1   2  2  
 4 Adam Lowry               Michael Pezzetta         Phil Kessel              8      1   2  2  

5 vs 5 Defense 
   Defense                  Defense                                           Time % Phy DF OF 
 1 Victor Hedman            Shea Theodore                                     43     1   2  2  
 2 Andrew Peeke             Matt Dumba                                        41     1   3  1  
 3 Jaycob Megna             Brad Hunt                                         16     2   2  1  
 4 Victor Hedman            Shea Theodore                                     0      1   2  2  

PowerPlay Forward 
   Center                   Left Wing                Right Wing               Time % Phy DF OF 
 1 Bo Horvat                Brad Marchand            Adrian Kempe             60     1   2  2  
 2 Tomas Hertl              Joel Eriksson Ek         Frank Vatrano            40     1   2  2  

PowerPlay Defense
   Defense                  Defense                                           Time % Phy DF OF 
 1 Victor Hedman            Kirill Kaprizov                                   60     1   2  2  
 2 Matt Dumba               Shea Theodore                                     40     1   2  2  

Penalty Kill 4 Players Forward 
   Center                   Wing                     Time % Phy DF OF 
 1 Adam Lowry               Brad Marchand            60     1   2  2  
 2 Joel Eriksson Ek         Andrew Peeke             40     1   2  2  

Penalty Kill 4 Players Defense
   Defense                  Defense                  Time % Phy DF OF 
 1 Victor Hedman            Andrew Peeke             60     1   2  2  
 2 Matt Dumba               Shea Theodore            40     1   2  2  

Penalty Kill - 3 Players Forward 
   Forward                                           Time % Phy DF OF 
 1 Adam Lowry                                        60     1   2  2  
 2 Joel Eriksson Ek                                  40     1   2  2  

Penalty Kill - 3 Players Defense
   Defense                  Defense                  Time % Phy DF OF 
 1 Victor Hedman            Andrew Peeke             60     1   2  2  
 2 Matt Dumba               Shea Theodore            40     1   2  2  

4 vs 4 Forward 
   Center                   Wing                     Time % Phy DF OF 
 1 Bo Horvat                Brad Marchand            60     1   2  2  
 2 Joel Eriksson Ek         Adrian Kempe             40     1   2  2  

4 vs 4 Defense
   Defense                  Defense                  Time % Phy DF OF 
 1 Victor Hedman            Shea Theodore            60     1   2  2  
 2 Andrew Peeke             Matt Dumba               40     1   2  2  

Last Minutes Offensive
   Center                   Left Wing                Right Wing               Defense                  Defense                  
   Bo Horvat                Kirill Kaprizov          Andrew Peeke             Victor Hedman            Shea Theodore            

Last Minutes Defensive
   Center                   Left Wing                Right Wing               Defense                  Defense                  
   Bo Horvat                Brad Marchand            Adrian Kempe             Victor Hedman            Andrew Peeke             

Goaltenders
Starting : Tristan Jarry            
Backup : Casey DeSmith            

Extra Forwards
Normal : Kirill Kaprizov, Tomas Hertl, Brad Marchand - PP : Kirill Kaprizov, Tomas Hertl - PK : Adam Lowry
Extra Defensemen
Normal : Victor Hedman, Shea Theodore, Matt Dumba - PP : Victor Hedman - PK : Andrew Peeke, Victor Hedman
Penalty Shots
Bo Horvat, Adrian Kempe, Kirill Kaprizov, Tomas Hertl, Brad Marchand

Scratches
None

COLORADO Avalanche

5 vs 5 Forward 
   Center                   Left Wing                Right Wing               Time % Phy DF OF 
 1 Jeff Skinner             Jake DeBrusk             David Pastrnak           40     0   2  3  
 2 Trevor Zegras            Alex Iafallo             Jason Zucker             30     0   2  3  
 3 Nick Foligno             Tomas Nosek              Jordan Eberle            20     1   2  2  
 4 Craig Smith              Zach Aston-Reese         Nick Foligno             10     1   2  2  

5 vs 5 Defense 
   Defense                  Defense                                           Time % Phy DF OF 
 1 Tyson Barrie             Oliver Ekman-Larsson                              40     1   2  2  
 2 Zach Bogosian            Mark Pysyk                                        30     1   2  2  
 3 Kris Russell             Jordie Benn                                       20     1   2  2  
 4 Tyson Barrie             Oliver Ekman-Larsson                              10     1   2  2  

PowerPlay Forward 
   Center                   Left Wing                Right Wing               Time % Phy DF OF 
 1 Jeff Skinner             Jake DeBrusk             David Pastrnak           60     1   2  2  
 2 Trevor Zegras            Alex Iafallo             Jeff Skinner             40     1   2  2  

PowerPlay Defense
   Defense                  Defense                                           Time % Phy DF OF 
 1 Tyson Barrie             Oliver Ekman-Larsson                              60     1   2  2  
 2 Zach Bogosian            Mark Pysyk                                        40     1   2  2  

Penalty Kill 4 Players Forward 
   Center                   Wing                     Time % Phy DF OF 
 1 Jeff Skinner             Jake DeBrusk             60     1   2  2  
 2 Trevor Zegras            Jason Zucker             40     1   2  2  

Penalty Kill 4 Players Defense
   Defense                  Defense                  Time % Phy DF OF 
 1 Tyson Barrie             Oliver Ekman-Larsson     60     1   2  2  
 2 Zach Bogosian            Mark Pysyk               40     1   2  2  

Penalty Kill - 3 Players Forward 
   Forward                                           Time % Phy DF OF 
 1 Jeff Skinner                                      60     1   2  2  
 2 Trevor Zegras                                     40     1   2  2  

Penalty Kill - 3 Players Defense
   Defense                  Defense                  Time % Phy DF OF 
 1 Tyson Barrie             Oliver Ekman-Larsson     60     1   2  2  
 2 Zach Bogosian            Mark Pysyk               40     1   2  2  

4 vs 4 Forward 
   Center                   Wing                     Time % Phy DF OF 
 1 Jeff Skinner             Jake DeBrusk             60     1   2  2  
 2 Trevor Zegras            Jason Zucker             40     1   2  2  

4 vs 4 Defense
   Defense                  Defense                  Time % Phy DF OF 
 1 Tyson Barrie             Oliver Ekman-Larsson     60     1   2  2  
 2 Zach Bogosian            Mark Pysyk               40     1   2  2  

Last Minutes Offensive
   Center                   Left Wing                Right Wing               Defense                  Defense                  
   Jeff Skinner             Jake DeBrusk             David Pastrnak           Tyson Barrie             Oliver Ekman-Larsson     

Last Minutes Defensive
   Center                   Left Wing                Right Wing               Defense                  Defense                  
   Jeff Skinner             Jake DeBrusk             David Pastrnak           Tyson Barrie             Oliver Ekman-Larsson     

Goaltenders
Starting : Jonathan Quick           
Backup : Magnus Hellberg          

Extra Forwards
Normal : Jason Zucker, Alex Iafallo, Trevor Zegras - PP : Jason Zucker, Alex Iafallo - PK : Jason Zucker
Extra Defensemen
Normal : Mark Pysyk, Kris Russell, Jordie Benn - PP : Mark Pysyk - PK : Mark Pysyk, Kris Russell
Penalty Shots
David Pastrnak, Jeff Skinner, Jake DeBrusk, Jordan Eberle, Jason Zucker

Scratches
None


% Time on Ice - BOSTON Bruins

Lines # - Real PCT - Wanted PCT - Time Play
Normal Forward
1 - 32% - 38% - 14:34
2 - 30% - 34% - 13:37
3 - 22% - 20% - 9:59
4 - 16% - 8% - 7:13
Normal Defense
1 - 37% - 43% - 16:51
2 - 37% - 41% - 16:53
3 - 26% - 16% - 11:39
4 - 0% - 0% - 0:00
PP Forward
1 - 61% - 60% - 5:15
2 - 39% - 40% - 3:25
PP Defense
1 - 63% - 60% - 5:30
2 - 37% - 40% - 3:10
PK Forward
1 - 84% - 60% - 2:46
2 - 16% - 40% - 0:32
PK Defense
1 - 37% - 60% - 1:13
2 - 63% - 40% - 2:05
PK3 Forward
1 - 0% - 60%
2 - 0% - 40%
PK3 Defense
1 - 0% - 60%
2 - 0% - 40%
44 Forward
1 - 71% - 60% - 1:53
2 - 29% - 40% - 0:46
44 Defense
1 - 29% - 60% - 0:46
2 - 71% - 40% - 1:53
Last Minute Offensive  - 0:00
Last Minute Defensive  - 0:00
Total
Forward - 60:00
Defense - 60:00

% Time on Ice - COLORADO Avalanche

Lines # - Real PCT - Wanted PCT - Time Play
Normal Forward
1 - 35% - 40% - 15:42
2 - 32% - 30% - 14:39
3 - 22% - 20% - 10:03
4 - 11% - 10% - 4:59
Normal Defense
1 - 36% - 40% - 16:33
2 - 33% - 30% - 15:12
3 - 30% - 20% - 13:30
4 - 0% - 10% - 0:08
PP Forward
1 - 54% - 60% - 1:46
2 - 46% - 40% - 1:32
PP Defense
1 - 50% - 60% - 1:39
2 - 50% - 40% - 1:39
PK Forward
1 - 73% - 60% - 6:18
2 - 27% - 40% - 2:22
PK Defense
1 - 67% - 60% - 5:46
2 - 33% - 40% - 2:54
PK3 Forward
1 - 0% - 60%
2 - 0% - 40%
PK3 Defense
1 - 0% - 60%
2 - 0% - 40%
44 Forward
1 - 79% - 60% - 2:06
2 - 21% - 40% - 0:33
44 Defense
1 - 48% - 60% - 1:17
2 - 52% - 40% - 1:22
Last Minute Offensive  - 0:00
Last Minute Defensive  - 0:00
Total
Forward - 60:00
Defense - 60:00

Play-by-Play

1st period


0:01 of 1st period - Jeff Skinner wins face-off versus Bo Horvat in neutral zone.
0:18 of 1st period - Icing by Victor Hedman.
0:19 of 1st period - Trevor Zegras wins face-off versus Bo Horvat in BOSTON Bruins zone.
0:20 of 1st period - Shot by Jason Zucker.
0:20 of 1st period - Stopped by Tristan Jarry without a rebound.
0:21 of 1st period - Joel Eriksson Ek wins face-off versus Jason Zucker in BOSTON Bruins zone.
0:21 of 1st period - Joel Eriksson Ek is hit by Jason Zucker.
0:26 of 1st period - Off-side.
0:27 of 1st period - Tomas Hertl wins face-off versus Nick Foligno in neutral zone.
0:36 of 1st period - Shot by Jordan Eberle.
0:36 of 1st period - Stopped by Tristan Jarry without a rebound.
0:37 of 1st period - Alex Iafallo wins face-off versus Joel Eriksson Ek in BOSTON Bruins zone.
0:42 of 1st period - Shot by Jason Zucker.
0:42 of 1st period - Shot Hit the Post.
0:44 of 1st period - Shot by Oliver Ekman-Larsson.
0:44 of 1st period - Goal by Oliver Ekman-Larsson - BOSTON Bruins : 0 - COLORADO Avalanche : 1.
0:45 of 1st period - Adam Lowry wins face-off versus Craig Smith in neutral zone.
0:47 of 1st period - Andrew Peeke is hit by Zach Bogosian and loses puck.
0:54 of 1st period - Shot by Adam Lowry.
0:54 of 1st period - Shot Misses the Net.
1:05 of 1st period - Minor Penalty to Zach Bogosian for Roughing.
1:06 of 1st period - Jeff Skinner wins face-off versus Bo Horvat in COLORADO Avalanche zone.
1:18 of 1st period - Icing by Brad Marchand.
1:19 of 1st period - Bo Horvat wins face-off versus Jeff Skinner in BOSTON Bruins zone.
1:57 of 1st period - Shot by Kirill Kaprizov.
1:57 of 1st period - Stopped by Jonathan Quick without a rebound.
1:58 of 1st period - Jeff Skinner wins face-off versus Tomas Hertl in COLORADO Avalanche zone.
2:09 of 1st period - Shot by Matt Dumba.
2:09 of 1st period - Stopped by Jonathan Quick without a rebound.
2:10 of 1st period - Tomas Hertl wins face-off versus Trevor Zegras in COLORADO Avalanche zone.
2:27 of 1st period - Shot by Tomas Hertl.
2:27 of 1st period - Goal by Tomas Hertl - BOSTON Bruins : 1 - COLORADO Avalanche : 1.
2:28 of 1st period - Jeff Skinner wins face-off versus Bo Horvat in neutral zone.
2:28 of 1st period - David Pastrnak is hit by Brad Marchand and loses puck.
2:45 of 1st period - Shot by Jeff Skinner.
2:45 of 1st period - Stopped by Tristan Jarry without a rebound.
2:46 of 1st period - Joel Eriksson Ek wins face-off versus Trevor Zegras in BOSTON Bruins zone.
2:48 of 1st period - Minor Penalty to Jason Zucker for Slashing.
2:49 of 1st period - Bo Horvat wins face-off versus Jeff Skinner in COLORADO Avalanche zone.
2:52 of 1st period - Shot by Victor Hedman.
2:52 of 1st period - Stopped by Jonathan Quick without a rebound.
2:53 of 1st period - Jeff Skinner wins face-off versus Bo Horvat in COLORADO Avalanche zone.
3:12 of 1st period - Shot by Bo Horvat.
3:12 of 1st period - Stopped by Jonathan Quick without a rebound.
3:13 of 1st period - Trevor Zegras wins face-off versus Tomas Hertl in COLORADO Avalanche zone.
3:19 of 1st period - Icing by Shea Theodore.
3:20 of 1st period - Jeff Skinner wins face-off versus Tomas Hertl in BOSTON Bruins zone.
3:44 of 1st period - Joel Eriksson Ek is hit by Zach Bogosian and loses puck.
4:03 of 1st period - Shot by Matt Dumba.
4:03 of 1st period - Shot Misses the Net.
4:28 of 1st period - Adrian Kempe is hit by Trevor Zegras and loses puck.
4:50 of 1st period - Icing by Tomas Nosek.
4:51 of 1st period - Adam Lowry wins face-off versus Nick Foligno in COLORADO Avalanche zone.
4:54 of 1st period - Shot by Adam Lowry.
4:54 of 1st period - Stopped by Jonathan Quick with a rebound.
5:43 of 1st period - Icing by Tomas Nosek.
5:44 of 1st period - Joel Eriksson Ek wins face-off versus Nick Foligno in COLORADO Avalanche zone.
6:19 of 1st period - Shot by Joel Eriksson Ek.
6:19 of 1st period - Shot Misses the Net.
6:54 of 1st period - Shot by Adrian Kempe.
6:54 of 1st period - Stopped by Jonathan Quick with a rebound.
6:56 of 1st period - Shot by Andrew Peeke.
6:56 of 1st period - Stopped by Jonathan Quick with a rebound.
7:02 of 1st period - Shot by Bo Horvat.
7:02 of 1st period - Stopped by Jonathan Quick without a rebound.
7:03 of 1st period - Trevor Zegras wins face-off versus Tomas Hertl in COLORADO Avalanche zone.
7:20 of 1st period - Shot by Trevor Zegras.
7:20 of 1st period - Shot Misses the Net.
7:22 of 1st period - Shot by Mark Pysyk.
7:22 of 1st period - Shot Misses the Net.
7:36 of 1st period - Shot by Jason Zucker.
7:36 of 1st period - Shot Misses the Net.
7:40 of 1st period - Shot by Jason Zucker.
7:40 of 1st period - Stopped by Tristan Jarry without a rebound.
7:41 of 1st period - Bo Horvat wins face-off versus Craig Smith in BOSTON Bruins zone.
7:41 of 1st period - Minor Penalty to Zach Aston-Reese for Hooking.
7:42 of 1st period - Bo Horvat wins face-off versus Jeff Skinner in COLORADO Avalanche zone.
7:43 of 1st period - Shot by Victor Hedman.
7:43 of 1st period - Shot Blocked by Oliver Ekman-Larsson.
7:45 of 1st period - Shot by Brad Marchand.
7:45 of 1st period - Deflect By Adrian Kempe.
7:45 of 1st period - Shot Misses the Net.
7:47 of 1st period - Shot by Victor Hedman.
7:47 of 1st period - Deflect By Adrian Kempe.
7:47 of 1st period - Shot Misses the Net.
7:51 of 1st period - Shot by Victor Hedman.
7:51 of 1st period - Stopped by Jonathan Quick without a rebound.
7:52 of 1st period - Jeff Skinner wins face-off versus Bo Horvat in COLORADO Avalanche zone.
8:01 of 1st period - Oliver Ekman-Larsson is hit by Adrian Kempe and loses puck.
8:18 of 1st period - Shot by Victor Hedman.
8:18 of 1st period - Shot Misses the Net.
8:59 of 1st period - Jason Zucker is hit by Frank Vatrano and loses puck.
9:00 of 1st period - Minor Penalty to Joel Eriksson Ek for High sticking.
9:01 of 1st period - Jason Zucker wins face-off versus Bo Horvat in BOSTON Bruins zone.
9:26 of 1st period - Shot by Matt Dumba.
9:26 of 1st period - Shot Hit the Post.
9:34 of 1st period - Shot by Bo Horvat.
9:34 of 1st period - Shot Misses the Net.
9:45 of 1st period - Jeff Skinner is hit by Brad Marchand and loses puck.
11:02 of 1st period - Icing by Andrew Peeke.
11:03 of 1st period - Joel Eriksson Ek wins face-off versus Craig Smith in BOSTON Bruins zone.
12:06 of 1st period - Shot by Blake Wheeler.
12:06 of 1st period - Shot Blocked by Craig Smith.
13:00 of 1st period - Icing by Bo Horvat.
13:01 of 1st period - Bo Horvat wins face-off versus Trevor Zegras in BOSTON Bruins zone.
13:01 of 1st period - Brad Marchand is hit by Trevor Zegras and loses puck.
13:40 of 1st period - Oliver Ekman-Larsson is hit by Andrew Peeke.
14:16 of 1st period - Shot by David Pastrnak.
14:16 of 1st period - Stopped by Tristan Jarry without a rebound.
14:17 of 1st period - Tomas Nosek wins face-off versus Tomas Hertl in BOSTON Bruins zone.
14:18 of 1st period - Shot by Jordan Eberle.
14:18 of 1st period - Shot Blocked by Brad Hunt.
14:34 of 1st period - Shot by Jordan Eberle.
14:34 of 1st period - Shot Blocked by Tomas Hertl.
14:45 of 1st period - Jordan Eberle is hit by Jaycob Megna and loses puck.
15:19 of 1st period - Shot by Jeff Skinner.
15:19 of 1st period - Stopped by Tristan Jarry without a rebound.
15:20 of 1st period - Adam Lowry wins face-off versus Trevor Zegras in BOSTON Bruins zone.
15:20 of 1st period - Adam Lowry is hit by Jason Zucker.
15:25 of 1st period - Phil Kessel is hit by Trevor Zegras and loses puck.
15:46 of 1st period - Shot by Phil Kessel.
15:46 of 1st period - Goal by Phil Kessel - BOSTON Bruins : 2 - COLORADO Avalanche : 1.
15:47 of 1st period - Bo Horvat wins face-off versus Jeff Skinner in neutral zone.
15:47 of 1st period - Bo Horvat is hit by David Pastrnak.
15:56 of 1st period - Off-side.
15:57 of 1st period - Jeff Skinner wins face-off versus Frank Vatrano in neutral zone.
16:08 of 1st period - Shot by Jeff Skinner.
16:08 of 1st period - Shot Misses the Net.
17:12 of 1st period - Shot by Alex Iafallo.
17:12 of 1st period - Shot Misses the Net.
17:14 of 1st period - Shot by Tyson Barrie.
17:14 of 1st period - Shot Misses the Net.
17:30 of 1st period - Shot by Alex Iafallo.
17:30 of 1st period - Shot Misses the Net.
17:32 of 1st period - Shot by Jason Zucker.
17:32 of 1st period - Deflect By Alex Iafallo.
17:32 of 1st period - Shot Misses the Net.
17:34 of 1st period - Shot by Jason Zucker.
17:34 of 1st period - Shot Misses the Net.
17:50 of 1st period - Shot by Adrian Kempe.
17:50 of 1st period - Shot Misses the Net.
18:02 of 1st period - Tomas Nosek is hit by Nathan Walker and loses puck.
18:06 of 1st period - Icing by Tomas Nosek.
18:07 of 1st period - Nick Foligno wins face-off versus Adam Lowry in COLORADO Avalanche zone.
18:07 of 1st period - Nick Foligno is hit by Michael Pezzetta.
18:21 of 1st period - Tomas Nosek is hit by Jaycob Megna and loses puck.
18:46 of 1st period - Shot by Jeff Skinner.
18:46 of 1st period - Shot Misses the Net.
19:03 of 1st period - David Pastrnak is hit by Brad Hunt and loses puck.
19:22 of 1st period - David Pastrnak is hit by Frank Vatrano and loses puck.
19:54 of 1st period - Shot by Kirill Kaprizov.
19:54 of 1st period - Deflect By Joel Eriksson Ek.
19:54 of 1st period - Shot Blocked by Oliver Ekman-Larsson.
Goals for this period are 2 for BOSTON Bruins vs 1 for COLORADO Avalanche.
Shots for this period are 11 for BOSTON Bruins vs 7 for COLORADO Avalanche.

2nd period


0:01 of 2nd period - Jeff Skinner wins face-off versus Bo Horvat in neutral zone.
0:20 of 2nd period - Icing by Victor Hedman.
0:21 of 2nd period - Bo Horvat wins face-off versus Trevor Zegras in BOSTON Bruins zone.
0:34 of 2nd period - Shot by Adrian Kempe.
0:34 of 2nd period - Stopped by Jonathan Quick without a rebound.
0:35 of 2nd period - Jeff Skinner wins face-off versus Joel Eriksson Ek in COLORADO Avalanche zone.
1:08 of 2nd period - Shot by Jeff Skinner.
1:08 of 2nd period - Stopped by Tristan Jarry without a rebound.
1:09 of 2nd period - Bo Horvat wins face-off versus Trevor Zegras in BOSTON Bruins zone.
1:09 of 2nd period - Bo Horvat is hit by Jason Zucker.
1:15 of 2nd period - Shot by Brad Marchand.
1:15 of 2nd period - Stopped by Jonathan Quick without a rebound.
1:16 of 2nd period - Trevor Zegras wins face-off versus Adrian Kempe in COLORADO Avalanche zone.
1:16 of 2nd period - Trevor Zegras is hit by Bo Horvat.
1:50 of 2nd period - Shot by Adrian Kempe.
1:50 of 2nd period - Stopped by Jonathan Quick without a rebound.
1:51 of 2nd period - Jeff Skinner wins face-off versus Joel Eriksson Ek in COLORADO Avalanche zone.
1:51 of 2nd period - Jeff Skinner is hit by Joel Eriksson Ek.
2:12 of 2nd period - Jake DeBrusk is hit by Matt Dumba and loses puck.
2:14 of 2nd period - Minor Penalty to Matt Dumba for Delaying the game.
2:15 of 2nd period - Adam Lowry wins face-off versus Trevor Zegras in BOSTON Bruins zone.
2:15 of 2nd period - Adam Lowry is hit by Trevor Zegras.
2:28 of 2nd period - Off-side.
2:29 of 2nd period - Adam Lowry wins face-off versus Jeff Skinner in neutral zone.
2:52 of 2nd period - Shot by David Pastrnak.
2:52 of 2nd period - Stopped by Tristan Jarry without a rebound.
2:53 of 2nd period - Adam Lowry wins face-off versus Trevor Zegras in BOSTON Bruins zone.
3:20 of 2nd period - Shot by Alex Iafallo.
3:20 of 2nd period - Shot Blocked by Victor Hedman.
5:27 of 2nd period - Shot by Brad Marchand.
5:27 of 2nd period - Stopped by Jonathan Quick with a rebound.
5:42 of 2nd period - Minor Penalty to Jason Zucker for Tripping.
5:42 of 2nd period - Minor Penalty to Michael Pezzetta for Cross-checking.
5:43 of 2nd period - Bo Horvat wins face-off versus Jeff Skinner in neutral zone.
6:26 of 2nd period - Shot by Jake DeBrusk.
6:26 of 2nd period - Stopped by Tristan Jarry without a rebound.
6:27 of 2nd period - Jeff Skinner wins face-off versus Joel Eriksson Ek in BOSTON Bruins zone.
7:14 of 2nd period - Shot by Trevor Zegras.
7:14 of 2nd period - Shot Misses the Net.
7:25 of 2nd period - Trevor Zegras is hit by Matt Dumba and loses puck.
7:48 of 2nd period - Shot by Jaycob Megna.
7:48 of 2nd period - Shot Misses the Net.
7:51 of 2nd period - Icing by Kris Russell.
7:52 of 2nd period - Tomas Hertl wins face-off versus Nick Foligno in COLORADO Avalanche zone.
7:52 of 2nd period - Tomas Hertl is hit by Jordie Benn.
8:15 of 2nd period - Minor Penalty to Nick Foligno for Holding.
8:16 of 2nd period - Tomas Hertl wins face-off versus Jeff Skinner in COLORADO Avalanche zone.
8:17 of 2nd period - Shot by Kirill Kaprizov.
8:17 of 2nd period - Goal by Kirill Kaprizov - BOSTON Bruins : 3 - COLORADO Avalanche : 1.
8:18 of 2nd period - Joel Eriksson Ek wins face-off versus Trevor Zegras in neutral zone.
8:20 of 2nd period - Off-side.
8:21 of 2nd period - Joel Eriksson Ek wins face-off versus Trevor Zegras in neutral zone.
8:32 of 2nd period - Trevor Zegras is hit by Andrew Peeke and loses puck.
8:52 of 2nd period - Off-side.
8:53 of 2nd period - Adrian Kempe wins face-off versus Jeff Skinner in neutral zone.
8:53 of 2nd period - Minor Penalty to David Pastrnak for Holding.
8:54 of 2nd period - Jeff Skinner wins face-off versus Adrian Kempe in COLORADO Avalanche zone.
9:37 of 2nd period - Shot by Kirill Kaprizov.
9:37 of 2nd period - Stopped by Jonathan Quick without a rebound.
9:38 of 2nd period - Tomas Hertl wins face-off versus Trevor Zegras in COLORADO Avalanche zone.
9:41 of 2nd period - Shot by Shea Theodore.
9:41 of 2nd period - Stopped by Jonathan Quick without a rebound.
9:42 of 2nd period - Tomas Hertl wins face-off versus Jeff Skinner in COLORADO Avalanche zone.
9:45 of 2nd period - Shot by Shea Theodore.
9:45 of 2nd period - Stopped by Jonathan Quick without a rebound.
9:46 of 2nd period - Tomas Hertl wins face-off versus Jeff Skinner in COLORADO Avalanche zone.
9:59 of 2nd period - Shot by Frank Vatrano.
9:59 of 2nd period - Shot Misses the Net.
10:01 of 2nd period - Shot by Tomas Hertl.
10:01 of 2nd period - Shot Misses the Net.
10:03 of 2nd period - Shot by Shea Theodore.
10:03 of 2nd period - Stopped by Jonathan Quick without a rebound.
10:04 of 2nd period - Jeff Skinner wins face-off versus Bo Horvat in COLORADO Avalanche zone.
10:26 of 2nd period - Shot by Bo Horvat.
10:26 of 2nd period - Stopped by Jonathan Quick without a rebound.
10:27 of 2nd period - Jeff Skinner wins face-off versus Tomas Hertl in COLORADO Avalanche zone.
11:12 of 2nd period - Shot by Adrian Kempe.
11:12 of 2nd period - Deflect By Bo Horvat.
11:12 of 2nd period - Stopped by Jonathan Quick without a rebound.
11:13 of 2nd period - Adam Lowry wins face-off versus Jeff Skinner in COLORADO Avalanche zone.
11:22 of 2nd period - Victor Hedman is hit by Jake DeBrusk and loses puck.
11:50 of 2nd period - Off-side.
11:51 of 2nd period - Trevor Zegras wins face-off versus Bo Horvat in neutral zone.
11:54 of 2nd period - Shot by Jason Zucker.
11:54 of 2nd period - Deflect By Trevor Zegras.
11:54 of 2nd period - Stopped by Tristan Jarry without a rebound.
11:55 of 2nd period - Alex Iafallo wins face-off versus Adrian Kempe in BOSTON Bruins zone.
11:55 of 2nd period - Alex Iafallo is hit by Andrew Peeke.
13:11 of 2nd period - Shot by Joel Eriksson Ek.
13:11 of 2nd period - Shot Misses the Net.
13:13 of 2nd period - Shot by Victor Hedman.
13:13 of 2nd period - Shot Blocked by Zach Bogosian.
14:08 of 2nd period - Shot by Tomas Hertl.
14:08 of 2nd period - Stopped by Jonathan Quick without a rebound.
14:09 of 2nd period - Adam Lowry wins face-off versus Trevor Zegras in COLORADO Avalanche zone.
14:20 of 2nd period - Shot by Jaycob Megna.
14:20 of 2nd period - Shot Misses the Net.
14:22 of 2nd period - Shot by Michael Pezzetta.
14:22 of 2nd period - Shot Misses the Net.
14:24 of 2nd period - Shot by Adam Lowry.
14:24 of 2nd period - Stopped by Jonathan Quick with a rebound.
14:48 of 2nd period - Shot by Phil Kessel.
14:48 of 2nd period - Shot Misses the Net.
15:25 of 2nd period - Andrew Peeke is hit by Nick Foligno and loses puck.
16:01 of 2nd period - Shot by Jeff Skinner.
16:01 of 2nd period - Shot Misses the Net.
16:09 of 2nd period - Zach Bogosian is hit by Brad Marchand and loses puck.
16:16 of 2nd period - Shot by Jeff Skinner.
16:16 of 2nd period - Shot Misses the Net.
16:57 of 2nd period - Shea Theodore is hit by Oliver Ekman-Larsson and loses puck.
17:06 of 2nd period - Shot by Trevor Zegras.
17:06 of 2nd period - Shot Blocked by Victor Hedman.
17:08 of 2nd period - Shot by Trevor Zegras.
17:08 of 2nd period - Shot Misses the Net.
17:18 of 2nd period - Shot by Alex Iafallo.
17:18 of 2nd period - Stopped by Tristan Jarry without a rebound.
17:19 of 2nd period - Craig Smith wins face-off versus Tomas Hertl in BOSTON Bruins zone.
17:33 of 2nd period - Off-side.
17:34 of 2nd period - Adam Lowry wins face-off versus Nick Foligno in neutral zone.
18:39 of 2nd period - Shot by Joel Eriksson Ek.
18:39 of 2nd period - Shot Misses the Net.
18:41 of 2nd period - Shot by Joel Eriksson Ek.
18:41 of 2nd period - Shot Misses the Net.
18:47 of 2nd period - Shot by Joel Eriksson Ek.
18:47 of 2nd period - Stopped by Jonathan Quick without a rebound.
18:48 of 2nd period - Tomas Hertl wins face-off versus Jeff Skinner in COLORADO Avalanche zone.
19:10 of 2nd period - Shot by Blake Wheeler.
19:10 of 2nd period - Stopped by Jonathan Quick with a rebound.
19:18 of 2nd period - Shot by Blake Wheeler.
19:18 of 2nd period - Shot Blocked by Mark Pysyk.
19:40 of 2nd period - Shot by Joel Eriksson Ek.
19:40 of 2nd period - Shot Hit the Post.
19:42 of 2nd period - Shot by Frank Vatrano.
19:42 of 2nd period - Stopped by Jonathan Quick without a rebound.
19:43 of 2nd period - Trevor Zegras wins face-off versus Bo Horvat in COLORADO Avalanche zone.
19:43 of 2nd period - Trevor Zegras is hit by Brad Marchand.
19:48 of 2nd period - Trevor Zegras is hit by Victor Hedman and loses puck.
19:52 of 2nd period - Icing by Shea Theodore.
19:53 of 2nd period - Bo Horvat wins face-off versus Trevor Zegras in BOSTON Bruins zone.
Goals for this period are 1 for BOSTON Bruins vs 0 for COLORADO Avalanche.
Shots for this period are 16 for BOSTON Bruins vs 5 for COLORADO Avalanche.

3rd period


0:01 of 3rd period - David Pastrnak wins face-off versus Bo Horvat in neutral zone.
0:04 of 3rd period - Shot by Jake DeBrusk.
0:04 of 3rd period - Shot Blocked by Brad Marchand.
0:11 of 3rd period - Bo Horvat is hit by David Pastrnak and loses puck.
0:16 of 3rd period - Shot by Adrian Kempe.
0:16 of 3rd period - Stopped by Jonathan Quick with a rebound.
1:25 of 3rd period - Shot by Alex Iafallo.
1:25 of 3rd period - Stopped by Tristan Jarry without a rebound.
1:26 of 3rd period - Craig Smith wins face-off versus Tomas Hertl in BOSTON Bruins zone.
2:06 of 3rd period - Blake Wheeler is hit by Nick Foligno and loses puck.
3:26 of 3rd period - Icing by Shea Theodore.
3:27 of 3rd period - Bo Horvat wins face-off versus Jeff Skinner in BOSTON Bruins zone.
3:35 of 3rd period - Off-side.
3:36 of 3rd period - Jeff Skinner wins face-off versus Kirill Kaprizov in neutral zone.
3:36 of 3rd period - David Pastrnak is hit by Kirill Kaprizov and loses puck.
3:50 of 3rd period - Jeff Skinner is hit by Andrew Peeke and loses puck.
4:40 of 3rd period - Shot by Tomas Hertl.
4:40 of 3rd period - Stopped by Jonathan Quick without a rebound.
4:41 of 3rd period - Tomas Hertl wins face-off versus Nick Foligno in COLORADO Avalanche zone.
4:42 of 3rd period - Shot by Brad Hunt.
4:42 of 3rd period - Shot Hit the Post.
4:44 of 3rd period - Shot by Blake Wheeler.
4:44 of 3rd period - Deflect By Tomas Hertl.
4:44 of 3rd period - Stopped by Jonathan Quick without a rebound.
4:45 of 3rd period - Trevor Zegras wins face-off versus Tomas Hertl in COLORADO Avalanche zone.
4:45 of 3rd period - Trevor Zegras is hit by Tomas Hertl.
5:00 of 3rd period - Alex Iafallo is hit by Victor Hedman and loses puck.
5:04 of 3rd period - Jason Zucker is hit by Victor Hedman and loses puck.
5:16 of 3rd period - Trevor Zegras is hit by Shea Theodore and loses puck.
5:24 of 3rd period - Alex Iafallo is hit by Victor Hedman and loses puck.
6:04 of 3rd period - David Pastrnak is hit by Victor Hedman and loses puck.
6:11 of 3rd period - Shot by Jeff Skinner.
6:11 of 3rd period - Stopped by Tristan Jarry without a rebound.
6:12 of 3rd period - Bo Horvat wins face-off versus Nick Foligno in BOSTON Bruins zone.
6:12 of 3rd period - Bo Horvat is hit by Nick Foligno.
7:32 of 3rd period - Shot by Kirill Kaprizov.
7:32 of 3rd period - Stopped by Jonathan Quick with a rebound.
7:34 of 3rd period - Shot by Kirill Kaprizov.
7:34 of 3rd period - Shot Misses the Net.
7:42 of 3rd period - Shot by Jaycob Megna.
7:42 of 3rd period - Shot Misses the Net.
7:44 of 3rd period - Shot by Joel Eriksson Ek.
7:44 of 3rd period - Stopped by Jonathan Quick with a rebound.
7:50 of 3rd period - Shot by Joel Eriksson Ek.
7:50 of 3rd period - Shot Misses the Net.
7:52 of 3rd period - Shot by Joel Eriksson Ek.
7:52 of 3rd period - Shot Misses the Net.
9:02 of 3rd period - Icing by Tomas Hertl.
9:03 of 3rd period - Tomas Hertl wins face-off versus Nick Foligno in BOSTON Bruins zone.
9:42 of 3rd period - Shot by Nick Foligno.
9:42 of 3rd period - Stopped by Tristan Jarry without a rebound.
9:43 of 3rd period - Bo Horvat wins face-off versus Jeff Skinner in BOSTON Bruins zone.
9:43 of 3rd period - Bo Horvat is hit by Jeff Skinner.
9:59 of 3rd period - Shot by Bo Horvat.
9:59 of 3rd period - Stopped by Jonathan Quick without a rebound.
10:00 of 3rd period - Joel Eriksson Ek wins face-off versus Jason Zucker in COLORADO Avalanche zone.
10:20 of 3rd period - Shot by Joel Eriksson Ek.
10:20 of 3rd period - Shot Misses the Net.
10:22 of 3rd period - Shot by Victor Hedman.
10:22 of 3rd period - Stopped by Jonathan Quick with a rebound.
10:40 of 3rd period - Icing by Shea Theodore.
10:41 of 3rd period - Joel Eriksson Ek wins face-off versus Jeff Skinner in BOSTON Bruins zone.
11:51 of 3rd period - Shot by Adrian Kempe.
11:51 of 3rd period - Shot Blocked by Jordie Benn.
11:53 of 3rd period - Shot by Bo Horvat.
11:53 of 3rd period - Deflect By Brad Marchand.
11:53 of 3rd period - Shot Misses the Net.
11:55 of 3rd period - Shot by Andrew Peeke.
11:55 of 3rd period - Shot Misses the Net.
11:57 of 3rd period - Shot by Andrew Peeke.
11:57 of 3rd period - Stopped by Jonathan Quick with a rebound.
12:23 of 3rd period - Shot by Nathan Walker.
12:23 of 3rd period - Stopped by Jonathan Quick with a rebound.
12:25 of 3rd period - Shot by Blake Wheeler.
12:25 of 3rd period - Deflect By Tomas Hertl.
12:25 of 3rd period - Shot Misses the Net.
12:37 of 3rd period - Shot by Blake Wheeler.
12:37 of 3rd period - Goal by Blake Wheeler - BOSTON Bruins : 4 - COLORADO Avalanche : 1.
12:38 of 3rd period - Adam Lowry wins face-off versus Trevor Zegras in neutral zone.
12:43 of 3rd period - Shot by Victor Hedman.
12:43 of 3rd period - Stopped by Jonathan Quick without a rebound.
12:44 of 3rd period - Jeff Skinner wins face-off versus Adam Lowry in COLORADO Avalanche zone.
13:23 of 3rd period - Shot by Jeff Skinner.
13:23 of 3rd period - Deflect By David Pastrnak.
13:23 of 3rd period - Stopped by Tristan Jarry without a rebound.
13:24 of 3rd period - Bo Horvat wins face-off versus Trevor Zegras in BOSTON Bruins zone.
13:42 of 3rd period - Adrian Kempe is hit by Zach Bogosian and loses puck.
14:38 of 3rd period - Icing by Trevor Zegras.
14:39 of 3rd period - Trevor Zegras wins face-off versus Tomas Hertl in COLORADO Avalanche zone.
14:57 of 3rd period - Minor Penalty to Tyson Barrie for Holding.
14:58 of 3rd period - Jeff Skinner wins face-off versus Frank Vatrano in COLORADO Avalanche zone.
15:59 of 3rd period - Zach Bogosian is hit by Brad Marchand and loses puck.
16:16 of 3rd period - Shot by Adrian Kempe.
16:16 of 3rd period - Stopped by Jonathan Quick without a rebound.
16:17 of 3rd period - Jeff Skinner wins face-off versus Bo Horvat in COLORADO Avalanche zone.
16:58 of 3rd period - Icing by Mark Pysyk.
16:59 of 3rd period - Tomas Hertl wins face-off versus Nick Foligno in COLORADO Avalanche zone.
17:39 of 3rd period - Icing by Nathan Walker.
17:40 of 3rd period - Trevor Zegras wins face-off versus Tomas Hertl in BOSTON Bruins zone.
18:36 of 3rd period - Kirill Kaprizov is hit by Zach Bogosian and loses puck.
18:49 of 3rd period - Shot by Zach Aston-Reese.
18:49 of 3rd period - Shot Blocked by Victor Hedman.
18:51 of 3rd period - Shot by Craig Smith.
18:51 of 3rd period - Stopped by Tristan Jarry without a rebound.
18:52 of 3rd period - Jeff Skinner wins face-off versus Bo Horvat in BOSTON Bruins zone.
19:00 of 3rd period - David Pastrnak is hit by Jaycob Megna and loses puck.
19:09 of 3rd period - Shot by Bo Horvat.
19:09 of 3rd period - Shot Misses the Net.
19:23 of 3rd period - Shot by Brad Marchand.
19:23 of 3rd period - Deflect By Bo Horvat.
19:23 of 3rd period - Goal by Bo Horvat - BOSTON Bruins : 5 - COLORADO Avalanche : 1.
19:24 of 3rd period - Nick Foligno wins face-off versus Adam Lowry in neutral zone.
19:27 of 3rd period - Shot by Jordan Eberle.
19:27 of 3rd period - Shot Blocked by Victor Hedman.
19:40 of 3rd period - Shot by Phil Kessel.
19:40 of 3rd period - Shot Misses the Net.
19:43 of 3rd period - Adam Lowry is hit by Mark Pysyk and loses puck.
Goals for this period are 2 for BOSTON Bruins vs 0 for COLORADO Avalanche.
Shots for this period are 13 for BOSTON Bruins vs 5 for COLORADO Avalanche. Output by the SimonT Hockey Simulator (STHS) for Martin Benoit - Original Page W3C HTML5 Valid
Hockey Simulator - Hockey Simulation - Hockey Manager